 Dungeon Crawl Stone Soup version 0.30-a0-169-g06f667207d (webtiles) character file.

Game seed: 17322965428412875607

213 qw the Chopper (level 5, -1/32 HPs)
             Began as a Gargoyle Fighter on Sept 30, 2022.
             Slain by a gnoll
             ... wielding a +0 flail
              (18 damage)
             ... on level 2 of the Dungeon.
             The game lasted 00:00:35 (1798 turns).

qw the Chopper (Gargoyle Fighter)                   Turns: 1798, Time: 00:00:36

Health: -1/32      AC: 10    Str: 21    XL:     5   Next: 90%
Magic:  5/5        EV:  9    Int:  9    God:
Gold:   53         SH:  4    Dex:  9    Spells: 4/4 levels left

rFire   . . .      SeeInvis .    Y - +0 war axe
rCold   . . .      Faith    .    c - +0 buckler
rNeg    + . .      Spirit   .    b - +0 scale mail
rPois   inf        Reflect  .    (no helmet)
rElec   +          Harm     .    (no cloak)
rCorr   .          Rampage  .    (no gloves)
Will    .....                    (no boots)
Stlth   ..........               (no amulet)
HPRegen 0.10/turn                (no ring)
MPRegen 0.09/turn                (no ring)

@: no status effects
A: sickness immunity, AC +4, negative energy resistance 1, electricity
resistance, torment resistance 1, petrification resistance
a: no special abilities


You were on level 2 of the Dungeon.
You visited 1 branch of the dungeon, and saw 2 of its levels.

You collected 53 gold pieces.


Innate Abilities, Weirdness & Mutations

You are immune to sickness and miasma.
Your stone body is resilient. (AC +4)
You are immune to poison.
You resist negative energy. (rN+)
You are resistant to electric shocks. (rElec)
You are resistant to unholy torment.
You are immune to petrification.


   Skills:
 + Level 3.5 Fighting
 - Level 5.3 Axes
 - Level 3.2 Armour
 - Level 3.2 Shields


You had 4 spell levels left.
You didn't know any spells.
Your spell library was empty.

Inventory:

Hand Weapons
 j - a +0 whip
 Y - a +0 war axe (weapon)
Missiles
 i - 3 boomerangs (quivered)
Armour
 b - a +0 scale mail (worn)
 c - a +0 buckler (worn)
Scrolls
 a - a scroll of enchant armour
 g - 3 scrolls of teleportation {unknown}
Potions
 d - a potion of might
 e - a potion of attraction {unknown}
 f - a potion of ambrosia {unknown}
 h - a potion of curing {unknown}

Dungeon Overview and Level Annotations

Branches:
Dungeon (2/15)

Altars:


Message History

The gnoll is severely wounded.
The gnoll closely misses you. The gnoll hits you but does no damage.
You hit the gnoll.
The gnoll is almost dead.
The gnoll hits you with a +0 club!
You barely miss the gnoll.
The gnoll is almost dead.
The gnoll hits you with a +0 club.
You barely miss the gnoll.
The gnoll is almost dead.
The gnoll hits you with a +0 club.
You closely miss the gnoll.
The gnoll is almost dead.
The gnoll hits you with a +0 club. x2
You slash the gnoll!
You kill the gnoll!
You start resting.
A gnoll comes into view. It is wielding a +0 flail.
1781 ||| Stepping ~*~*~tactically~*~*~ (stealth).
You start resting.
A gnoll is nearby!
1790 ||| Stepping ~*~*~tactically~*~*~ (stealth).
1791 ||| Stepping ~*~*~tactically~*~*~ (stealth).
You start resting.
A gnoll comes into view. It is wielding a +0 whip.
1793 ||| Stepping ~*~*~tactically~*~*~ (stealth).
Throw: 3 boomerangs
Press: ? - help, Q - select action Shift-Dir - straight line, f - gnoll You throw a boomerang.
The boomerang hits the gnoll but does no damage.
1795 ||| FLEEEEING.
1796 ||| Stepping ~*~*~tactically~*~*~ (stealth).
The gnoll drinks a potion.
The gnoll seems to grow stronger.
Things that are here:
a +0 whip; a kobold corpse The gnoll shouts!
You barely miss the gnoll. The gnoll hits you with a +0 flail!!
Ouch! That really hurt!
You die...

#################
................#
~~~.~~~~~.~~~~~.#
##~.~###~.~###~g#######
#~.~# #~.~# #~.@)....#
#~.~###~%~###~.#####.#
~~~.~~~~~.~~~~~.#
............g...#
~~~.~~~~~.~~~~~.#
~.~###~.~###~.# ~.~
#~.~# #~.# ~. #~.~#
#~.# ~~~.~~ ~~..


You could see 2 gnolls.

Vanquished Creatures
  Sigmund (D:2)
  A gnoll (D:2)
  2 endoplasms (D:1)
  2 giant cockroaches (D:1)
  7 goblins
  3 hobgoblins (D:1)
  2 quokkas
  6 ball pythons (D:1)
  7 bats (D:1)
  2 frilled lizards (D:1)
  3 kobolds
  5 rats (D:1)
41 creatures vanquished.

Notes
Turn   | Place    | Note
-------+----------+-------------------------------------------
     0 | D:1      | qw the Gargoyle Fighter began the quest for the Orb.
     0 | D:1      | Reached XP level 1. HP: 14/14 MP: 1/1
     0 | D:1      | 0 ||| qw: Version: 0.2-a-12-gaebbb33
     0 | D:1      | 0 ||| qw: Game counter: 1390
     0 | D:1      | 0 ||| qw: Always use a shield: true
     0 | D:1      | 0 ||| qw: God list: Okawaru
     0 | D:1      | 0 ||| qw: Allow faded altars: false
     0 | D:1      | 0 ||| qw: Do Orc after D:15 true
     0 | D:1      | 0 ||| qw: Do second Lair branch before Depths: true
     0 | D:1      | 0 ||| qw: Lair rune preference: random
     0 | D:1      | 0 ||| qw: Plans: Normal, Zot:1-4, God:TSO, Crypt, Tomb,
                  | Pan, Slime:5, Hells, Abyss, Orb
     0 | D:1      | 0 ||| PLANNING D:1-11
    62 | D:1      | Reached skill level 2 in Axes
   187 | D:1      | Reached XP level 2. HP: 17/19 MP: 2/2
   282 | D:1      | Found a faded altar of an unknown god.
   360 | D:1      | 360 ||| Stepping ~*~*~tactically~*~*~ (stealth).
   500 | D:1      | Reached skill level 3 in Axes
   558 | D:1      | 558 ||| Stepping ~*~*~tactically~*~*~ (water).
   565 | D:1      | Reached XP level 3. HP: 15/23 MP: 3/3
   738 | D:1      | 738 ||| DROPPING +0 club.
   743 | D:1      | 743 ||| Stepping ~*~*~tactically~*~*~ (stealth).
  1267 | D:1      | 1267 ||| READING 2 scrolls labelled EFUDGH IDUOPN.
  1391 | D:2      | Noticed Sigmund
  1392 | D:2      | 1392 ||| Stepping ~*~*~tactically~*~*~ (stealth).
  1419 | D:2      | Killed Sigmund
  1420 | D:2      | Reached skill level 5 in Axes
  1420 | D:2      | Reached XP level 4. HP: 8/28 MP: 4/4
  1420 | D:2      | Reached XP level 5. HP: 9/32 MP: 5/5
  1735 | D:2      | 1735 ||| Stepping ~*~*~tactically~*~*~ (stealth).
  1781 | D:2      | 1781 ||| Stepping ~*~*~tactically~*~*~ (stealth).
  1790 | D:2      | 1790 ||| Stepping ~*~*~tactically~*~*~ (stealth).
  1791 | D:2      | 1791 ||| Stepping ~*~*~tactically~*~*~ (stealth).
  1793 | D:2      | 1793 ||| Stepping ~*~*~tactically~*~*~ (stealth).
  1795 | D:2      | 1795 ||| FLEEEEING.
  1796 | D:2      | 1796 ||| Stepping ~*~*~tactically~*~*~ (stealth).
  1798 | D:2      | Slain by a gnoll

Levels and vault maps discovered:
D:1:      amcnicky_arrival_abandoned_market, layout_loops_ring,
          nicolae_ecumenical_lake_church, serial_rivers,
          chequers_serial_rivers_micro_e, chequers_serial_rivers_small_a,
          chequers_serial_rivers_micro_a, chequers_serial_rivers_large_b,
          chequers_serial_rivers_micro_a, chequers_serial_rivers_small_a,
          minmay_tetromino_i2
D:2:      cheibrodos_old_hovel, layout_basic, chequers_serial_rivers_micro_a,
          kennysheep_boxes, uniq_sigmund

Skill      XL: |  1  2  3 |
---------------+----------+-----
Axes           | 2 3 5 |  5.3
Fighting       | |  3.5
Armour         | |  3.2
Shields        | |  3.2

Action                   |  1- 3 |  4- 6 || total
-------------------------+-------+-------++-------
Melee: War axe           |    99 |    16 ||   115
Throw: Boomerang         |    17 |     9 ||    26
  Use: Scroll            |     1 |       ||     1
Armor: Scale mail        |    76 |     2 ||    78
Dodge: Dodged            |    55 |     7 ||    62
Block: Buckler           |    22 |     1 ||    23

Table legend:
 A = Non-vault XP
 B = Vault XP
 C = Vault XP percentage of total XP
 D = Non-vault monster count
 E = Vault monster count
 F = Vault count percentage of total count
                 A         B        C        D         E       F
            +---------+---------+-------+---------+---------+-------
      Total |      73 |     232 |  76.1 |      39 |       2 |   4.9
            +---------+---------+-------+---------+---------+-------
        D:1 |      52 |       1 |   1.9 |      34 |       1 |   2.9
        D:2 |      21 |     231 |  91.7 |       5 |       1 |  16.7
            +---------+---------+-------+---------+---------+-------
